 Dungeon Crawl Stone Soup version 0.30.0-29-ga12c61a403 (webtiles) character file.

Game seed: 5179615396596223391

28007 qw the Cleaver (level 13, -4/82 HPs)
             Began as a Gargoyle Fighter on June 5, 2023.
             Was an Elder of Okawaru.
             Slain by a snapping turtle (12 damage)
             ... while paralysed by Rupert
             ... on level 5 of the Lair of Beasts.
             The game lasted 00:06:36 (12445 turns).

qw the Cleaver (Gargoyle Fighter)                  Turns: 12445, Time: 00:06:36

Health: -4/82      AC: 30    Str: 24    XL:     13   Next: 36%
Magic:  20/20      EV:  2    Int: 10    God:    Okawaru [****..]
Gold:   724        SH:  0    Dex: 12    Spells: 12/12 levels left

rFire   + . .        Y - +8 broad axe (pain)
rCold   + + .        u - +1 kite shield {rN+}
rNeg    + + .        s - +1 plate armour
rPois   inf          (no helmet)
rElec   +            j - scarf {rC+ rF+}
rCorr   .            y - +1 pair of gloves {Dex+3}
SInv    .            p - +2 pair of boots
Will    +....        v - amulet of faith Stlth
                     g - ring of willpower
HPRegen 0.33/turn    w - ring of protection from cold
MPRegen 0.17/turn

%: faith
@: paralysed, about to teleport
A: sickness immunity, AC +9, negative energy resistance 1, electricity
resistance, torment resistance 1, petrification resistance
a: Renounce Religion, Heroism, Finesse


You were on level 5 of the Lair of Beasts.
You worshipped Okawaru.
Okawaru was greatly pleased with you.
You visited 3 branches of the dungeon, and saw 15 of its levels.

You collected 724 gold pieces.


Innate Abilities, Weirdness & Mutations

You are immune to sickness and miasma.
Your stone body is resilient. (AC +9)
You are immune to poison.
You resist negative energy. (rN+)
You are resistant to electric shocks. (rElec)
You are resistant to unholy torment.
You are immune to petrification.


   Skills:
 - Level 10.2 Fighting
 + Level 12.8 Axes
 - Level 1.0 Throwing
 - Level 9.1 Armour
 - Level 2.1 Dodging
 - Level 10.9 Shields
 - Level 10.0 Invocations


You had 12 spell levels left.
You didn't know any spells.
Your spell library was empty.

Inventory:

Hand Weapons
 q - a +0 morningstar
 Y - a +8 broad axe of pain (weapon)
Missiles
 e - 4 boomerangs (quivered)
Armour
 j - a scarf of resistance (worn)
 p - a +2 pair of boots (worn)
 s - a +1 plate armour (worn)
 u - a +1 kite shield of positive energy (worn)
 y - a +1 pair of gloves of dexterity (worn)
Jewellery
 g - a ring of willpower (left hand)
 l - an amulet of the acrobat
 n - a ring of fire
 r - a ring of fire
 t - a ring of ice
 v - an amulet of faith (around neck)
 w - a ring of protection from cold (right hand)
Wands
 c - a wand of digging (5)
Scrolls
 h - 9 scrolls of identify
Potions
 a - 3 potions of lignification
 b - 2 potions of mutation
 d - 5 potions of might
 f - 2 potions of cancellation
 i - a potion of resistance
 k - a potion of curing
 o - 2 potions of haste

Dungeon Overview and Level Annotations

Branches:
Dungeon (9/15)             Temple (1/1) D:4            Lair (5/5) D:8
 Shoals (0/4) Lair:3        Snake (0/4) Lair:3        Slime (0/5) Lair:4
    Orc: D:9-12

Altars:
Ashenzari
Cheibriados
Dithmenos
Elyvilon
Fedhas
Gozag
Hepliaklqana
Kikubaaqudgha
Makhleb
Nemelex Xobeh
Okawaru
Qazlal
Ru
Sif Muna
Trog
Uskayaw
Vehumet
Wu Jian
Xom
Yredelemnul
Zin
The Shining One
Jiyva

Annotations:
Lair:5 Rupert


Message History

You hear an angry hiss.
Rupert yells loudly at you.
You are confused.
12439 ||| DRINKING 2 potions of curing.
You feel better.
12439 ||| (to cure confusion) Rupert splashes around in the water.
A wind drake comes into view.
A snapping turtle comes into view.
You hit Rupert but do no damage.
Rupert is heavily wounded.
You slice the komodo dragon!!
Rupert hits you with a +2 great mace of holy wrath.
You block the komodo dragon's attack.
You slash Rupert!
Rupert is severely wounded.
You barely miss the komodo dragon.
The komodo dragon bites you but does no damage.
You block Rupert's attack.
You hit Rupert but do no damage.
Rupert is severely wounded.
You slash the komodo dragon! The wind drake flaps its wings at you.
The air twists around and strikes you!
You slice Rupert!!
Rupert is severely wounded.
You slash the komodo dragon! Rupert yells loudly at you.
You easily resist.
You block the komodo dragon's attack.
You completely miss the komodo dragon.
The komodo dragon is almost dead.
You hit Rupert but do no damage.
Rupert hits you with a +2 great mace of holy wrath!
You block the komodo dragon's attack.
12445 ||| READING scroll of teleportation.
As you read the scroll of teleportation, it crumbles to dust.
You feel strangely unstable.
You feel like a meek peon again. Rupert yells loudly at you.
You suddenly lose the ability to move!
The komodo dragon bites you.
The snapping turtle bites you from afar!
You die...

.~....
#~...#
#P...#
P~..# ~
...)# P~~
#~..#
..~~k##~.#
.~P~~t@@#
~~~~~~l~#
.~~#~#~.~
# #~ ~#~##
~~ ~~~~#
~~ ~~~~~#
~ #~~ #..
#~~ #..


You could see Rupert, a snapping turtle, a wind drake (repels missiles) and a
komodo dragon.

Vanquished Creatures
  Erica (D:8)
  2 hydras
  A tengu warrior (D:8)
  6 death yaks
  A salamander (Lair:3)
  3 black mambas
  A water nymph (Lair:3)
  2 torpor snails
  3 komodo dragons
  7 cane toads
  A rime drake (Lair:3)
  A hornet (Lair:5)
  16 blink frogs
  9 dream sheep
  6 wyverns
  27 yaks
  Grum (D:8)
  5 basilisks
  A death yak simulacrum (Lair:3)
  16 water moccasins
  2 ice beasts
  An orc warrior (D:6)
  A sky beast (D:6)
  3 black bears
  6 ogres
  21 wolves
  4 centaurs
  A kobold brigand (D:7)
  A phantom (D:4)
  5 bullfrogs
  A cane toad simulacrum (Lair:3)
  5 scorpions
  4 wights (D:6)
  2 howler monkeys (D:6)
  2 lava snakes (Lair:3)
  A gnoll bouda (D:7)
  A hound (D:5)
  2 orc priests
  2 sleepcaps
  4 iguanas
  7 orc wizards
  2 wolf simulacra (Lair:3)
  5 adders
  11 gnolls
  A shadow imp (D:8)
  A white imp (D:6)
  2 ufetubi
  2 worms
  11 dart slugs
  17 orcs
  8 ball pythons
  A bat (D:3)
  5 endoplasms
  7 giant cockroaches
  9 goblins
  6 hobgoblins
  9 kobolds
  6 quokkas
  2 frilled lizards (D:2)
  5 rats
  A butterfly (Lair:4)
297 creatures vanquished.

Notes
Turn   | Place    | Note
-------+----------+-------------------------------------------
     0 | D:1      | qw the Gargoyle Fighter began the quest for the Orb.
     0 | D:1      | Reached XP level 1. HP: 14/14 MP: 1/1
     0 | D:1      | 0 ||| qw: Version: 0.2-a-108-gee2c290
     0 | D:1      | 0 ||| qw: Game counter: 1481
     0 | D:1      | 0 ||| qw: Always use a shield: true
     0 | D:1      | 0 ||| qw: God list: Okawaru
     0 | D:1      | 0 ||| qw: Allow faded altars: false
     0 | D:1      | 0 ||| qw: Do Orc after D:15 true
     0 | D:1      | 0 ||| qw: Do second Lair branch before Depths: true
     0 | D:1      | 0 ||| qw: Lair rune preference: random
     0 | D:1      | 0 ||| qw: Plans: Normal, Zot:1-4, Slime:5, God:TSO, Crypt,
                  | Tomb, Abyss, Pan, Hells, Win
     0 | D:1      | 0 ||| PLANNING D:1-11
    60 | D:1      | Reached skill level 2 in Axes
    63 | D:1      | 63 ||| Stepping ~*~*~tactically~*~*~ (stealth).
    64 | D:1      | 64 ||| Stepping ~*~*~tactically~*~*~ (stealth).
    84 | D:1      | HP: 3/14 [hobgoblin/sling bullet (6)]
    89 | D:1      | Reached XP level 2. HP: 4/19 MP: 2/2
    91 | D:1      | HP: 4/19 [goblin/+0 dagger (1)]
   487 | D:1      | Reached skill level 3 in Axes
   513 | D:1      | 513 ||| FLEEEEING.
   523 | D:1      | 523 ||| FLEEEEING.
   530 | D:1      | Reached XP level 3. HP: 23/23 MP: 3/3
   785 | D:1      | 785 ||| UPGRADING to ring of willpower.
   786 | D:1      | 786 ||| READING scroll labelled ADYMOD NEH MYG.
   787 | D:1      | 787 ||| READING 2 scrolls labelled SEEKOT SASMA.
   788 | D:1      | 788 ||| DRINKING 2 orange potions.
   789 | D:1      | 789 ||| DROPPING potion of flight.
  1090 | D:2      | 1090 ||| Stepping ~*~*~tactically~*~*~ (hiding).
  1091 | D:2      | 1091 ||| Stepping ~*~*~tactically~*~*~ (hiding).
  1103 | D:2      | Reached XP level 4. HP: 17/28 MP: 4/4
  1106 | D:2      | Reached skill level 4 in Axes
  1693 | D:2      | 1693 ||| UPGRADING to +0 chain mail.
  1703 | D:2      | 1703 ||| DROPPING +0 scale mail.
  1704 | D:2      | 1704 ||| READING scroll labelled WISHINTU NINUB.
  1705 | D:2      | 1705 ||| READING scroll labelled UPNAJI BOSCH.
  1706 | D:2      | 1706 ||| DRINKING 2 cyan potions.
  1755 | D:2      | 1755 ||| READING 2 scrolls of identify.
  1755 | D:2      | 1755 ||| IDENTIFYING emerald potion
  1756 | D:2      | 1756 ||| DROPPING potion of invisibility.
  2237 | D:3      | 2237 ||| UPGRADING to amulet of the acrobat.
  2242 | D:3      | 2242 ||| READING 2 scrolls labelled WONEYT SATWINO.
  2243 | D:3      | 2243 ||| READING scroll labelled SIAKHANTYO.
  2244 | D:3      | 2244 ||| READING scroll labelled HYNAANEEZE.
  2245 | D:3      | 2245 ||| DRINKING 2 silvery potions.
  2255 | D:3      | 2255 ||| READING 2 scrolls of identify.
  2255 | D:3      | 2255 ||| IDENTIFYING clear potion
  2256 | D:3      | 2256 ||| DROPPING potion of degeneration.
  2257 | D:3      | 2257 ||| DROPPING scroll of poison.
  2258 | D:3      | 2258 ||| DROPPING potion of ambrosia.
  2358 | D:4      | 2358 ||| Stepping ~*~*~tactically~*~*~ (hiding).
  2525 | D:4      | 2525 ||| Stepping ~*~*~tactically~*~*~ (hiding).
  2558 | D:4      | Reached XP level 5. HP: 32/32 MP: 5/5
  2573 | D:4      | Reached skill level 5 in Axes
  2708 | D:4      | 2708 ||| Stepping ~*~*~tactically~*~*~ (stealth).
  2716 | D:4      | Found a hide-covered altar of Uskayaw.
  2755 | D:4      | Found a staircase to the Ecumenical Temple.
  2756 | D:4      | 2756 ||| PLANNING TEMPLE
  2756 | D:4      | 2756 ||| READING scroll labelled HAEKHU BEYPTI.
  2797 | Temple   | Entered the Ecumenical Temple
  2809 | Temple   | 2809 ||| PLANNING OKAWARU WORSHIP
  3003 | Temple   | Became a worshipper of Warmaster Okawaru
  3003 | Temple   | 3003 ||| PLANNING D:1-11
  3033 | D:4      | Noticed a black bear
  3033 | D:4      | Noticed a phantom
  3034 | D:4      | 3034 ||| Stepping ~*~*~tactically~*~*~ (stealth).
  3043 | D:4      | Killed a black bear
  3044 | D:4      | Reached XP level 6. HP: 29/40 MP: 6/6
  3050 | D:4      | 3050 ||| Stepping ~*~*~tactically~*~*~ (stealth).
  3072 | D:4      | Reached * piety under Okawaru
  3074 | D:4      | 3074 ||| Stepping ~*~*~tactically~*~*~ (stealth).
  3075 | D:4      | 3075 ||| Stepping ~*~*~tactically~*~*~ (stealth).
  3117 | D:4      | 3117 ||| Stepping ~*~*~tactically~*~*~ (stealth).
  3122 | D:4      | Found a radiant altar of Vehumet.
  3165 | D:4      | Found an ancient bone altar of Kikubaaqudgha.
  3431 | D:4      | 3431 ||| READING scroll labelled MUIRAR YMYE.
  3432 | D:4      | 3432 ||| DRINKING 3 purple potions.
  3433 | D:4      | 3433 ||| READING 2 scrolls of identify.
  3433 | D:4      | 3433 ||| IDENTIFYING coppery potion
  3434 | D:4      | 3434 ||| DROPPING potion of berserk rage.
  3438 | D:5      | Entered Level 5 of the Dungeon
  3443 | D:5      | 3443 ||| Stepping ~*~*~tactically~*~*~ (hiding).
  3446 | D:5      | 3446 ||| INVOKING Heroism.
  3447 | D:5      | 3447 ||| INVOKING Heroism.
  3450 | D:5      | 3450 ||| Stepping ~*~*~tactically~*~*~ (hiding).
  3459 | D:5      | Reached XP level 7. HP: 34/44 MP: 5/7
  3473 | D:5      | Reached skill level 6 in Axes
  3477 | D:5      | 3477 ||| INVOKING Heroism.
  3480 | D:5      | Reached skill level 1 in Dodging
  3483 | D:5      | 3483 ||| FLEEEEING.
  3484 | D:5      | 3484 ||| STAIRDANCE
  3572 | D:5      | 3572 ||| STAIRDANCE
  3608 | D:5      | 3608 ||| DROPPING +0 whip.
  3731 | D:5      | 3731 ||| INVOKING Heroism.
  3801 | D:5      | 3801 ||| Stepping ~*~*~tactically~*~*~ (hiding).
  3964 | D:5      | Found an ornate altar of the Wu Jian Council.
  3965 | D:5      | Found a snail-covered altar of Cheibriados.
  4024 | D:5      | Reached skill level 1 in Invocations
  4029 | D:5      | Reached skill level 7 in Axes
  4029 | D:5      | Reached XP level 8. HP: 41/48 MP: 7/9
  4091 | D:5      | Found a hazy altar of Hepliaklqana.
  4297 | D:5      | 4297 ||| UPGRADING to scarf of resistance.
  4302 | D:5      | 4302 ||| DROPPING amulet of magic regeneration.
  4303 | D:5      | 4303 ||| READING scroll labelled MICVEO ZOGGALA.
  4304 | D:5      | 4304 ||| DRINKING 2 fizzy white potions.
  4334 | D:6      | 4334 ||| STAIRDANCE
  4338 | D:6      | 4338 ||| STAIRDANCE
  4342 | D:6      | 4342 ||| STAIRDANCE
  4346 | D:6      | 4346 ||| STAIRDANCE
  4350 | D:6      | 4350 ||| STAIRDANCE
  4354 | D:6      | 4354 ||| STAIRDANCE
  4358 | D:6      | 4358 ||| STAIRDANCE
  4362 | D:6      | 4362 ||| STAIRDANCE
  4366 | D:6      | 4366 ||| STAIRDANCE
  4370 | D:6      | 4370 ||| STAIRDANCE
  4374 | D:6      | 4374 ||| STAIRDANCE
  4378 | D:6      | 4378 ||| STAIRDANCE
  4382 | D:6      | 4382 ||| STAIRDANCE
  4386 | D:6      | 4386 ||| STAIRDANCE
  4390 | D:6      | 4390 ||| STAIRDANCE
  4394 | D:6      | 4394 ||| STAIRDANCE
  4398 | D:6      | 4398 ||| STAIRDANCE
  4402 | D:6      | 4402 ||| STAIRDANCE
  4406 | D:6      | 4406 ||| STAIRDANCE
  4410 | D:6      | 4410 ||| STAIRDANCE
  4429 | D:5      | Found a stormy altar of Qazlal.
  4512 | D:6      | 4512 ||| INVOKING Heroism.
  4515 | D:6      | Reached skill level 1 in Throwing
  4515 | D:6      | Reached skill level 3 in Invocations
  4647 | D:6      | 4647 ||| INVOKING Heroism.
  4759 | D:6      | 4759 ||| INVOKING Heroism.
  4815 | D:6      | 4815 ||| INVOKING Heroism.
  4821 | D:6      | Reached skill level 8 in Axes
  4877 | D:6      | 4877 ||| INVOKING Heroism.
  4936 | D:6      | Reached skill level 6 in Fighting
  5093 | D:6      | 5093 ||| Stepping ~*~*~tactically~*~*~ (hiding).
  5095 | D:6      | 5095 ||| INVOKING Heroism.
  5106 | D:6      | Reached XP level 9. HP: 40/55 MP: 10/12
  5125 | D:6      | 5125 ||| Stepping ~*~*~tactically~*~*~ (stealth).
  5126 | D:6      | 5126 ||| Stepping ~*~*~tactically~*~*~ (stealth).
  5133 | D:6      | Reached skill level 9 in Axes
  5133 | D:6      | 5133 ||| FLEEEEING.
  5138 | D:6      | 5138 ||| FLEEEEING.
  5141 | D:6      | 5141 ||| FLEEEEING.
  5142 | D:6      | 5142 ||| FLEEEEING.
  5143 | D:6      | 5143 ||| FLEEEEING.
  5144 | D:6      | 5144 ||| FLEEEEING.
  5145 | D:6      | 5145 ||| FLEEEEING.
  5146 | D:6      | 5146 ||| FLEEEEING.
  5147 | D:6      | 5147 ||| FLEEEEING.
  5148 | D:6      | 5148 ||| FLEEEEING.
  5149 | D:6      | 5149 ||| INVOKING Heroism.
  5172 | D:6      | 5172 ||| Stepping ~*~*~tactically~*~*~ (stealth).
  5184 | D:6      | 5184 ||| Stepping ~*~*~tactically~*~*~ (hiding).
  5186 | D:6      | 5186 ||| DRINKING 2 potions of curing.
  5186 | D:6      | 5186 ||| (to cure confusion)
  5243 | D:6      | 5243 ||| DROPPING +1 whip of venom.
  5364 | D:6      | 5364 ||| READING scroll of enchant weapon.
  5364 | D:6      | 5364 ||| ENCHANTING +1 war axe.
  5409 | D:6      | Found a sparkling altar of Nemelex Xobeh.
  5467 | D:6      | 5467 ||| UPGRADING to +0 pair of boots.
  5472 | D:6      | 5472 ||| UPGRADING to +0 plate armour.
  5482 | D:6      | 5482 ||| DROPPING +0 chain mail.
  5483 | D:6      | 5483 ||| READING scroll labelled KOIWNA KOSE.
  5484 | D:6      | 5484 ||| DRINKING 2 viscous inky potions.
  5485 | D:6      | 5485 ||| DROPPING potion of brilliance.
  5630 | D:7      | Found a shadowy altar of Dithmenos.
  5638 | D:7      | 5638 ||| INVOKING Heroism.
  5659 | D:7      | 5659 ||| READING scroll of enchant armour.
  5659 | D:7      | 5659 ||| ENCHANTING +0 pair of boots.
  5758 | D:7      | 5758 ||| INVOKING Heroism.
  5829 | D:7      | 5829 ||| Stepping ~*~*~tactically~*~*~ (hiding).
  5831 | D:7      | 5831 ||| INVOKING Heroism.
  5837 | D:7      | 5837 ||| Stepping ~*~*~tactically~*~*~ (hiding).
  5953 | D:7      | Found a shimmering blue altar of Sif Muna.
  6039 | D:7      | Reached ** piety under Okawaru
  6040 | D:7      | Reached skill level 6 in Armour
  6092 | D:7      | 6092 ||| READING 2 scrolls of enchant weapon.
  6092 | D:7      | 6092 ||| ENCHANTING +2 war axe.
  6093 | D:7      | 6093 ||| READING scroll of enchant weapon.
  6093 | D:7      | 6093 ||| ENCHANTING +3 war axe.
  6362 | D:7      | 6362 ||| DRINKING 3 brown potions.
  6363 | D:7      | 6363 ||| READING 4 scrolls of identify.
  6363 | D:7      | 6363 ||| IDENTIFYING lumpy amethyst potion
  6404 | D:8      | 6404 ||| INVOKING Heroism.
  6471 | D:8      | 6471 ||| INVOKING Heroism.
  6474 | D:8      | Reached XP level 10. HP: 44/63 MP: 10/13
  6528 | D:8      | Noticed Grum
  6529 | D:8      | 6529 ||| Stepping ~*~*~tactically~*~*~ (stealth).
  6534 | D:8      | 6534 ||| Stepping ~*~*~tactically~*~*~ (stealth).
  6535 | D:8      | 6535 ||| INVOKING Heroism.
  6540 | D:8      | Killed Grum
  6544 | D:8      | 6544 ||| Stepping ~*~*~tactically~*~*~ (stealth).
  6550 | D:8      | 6550 ||| Stepping ~*~*~tactically~*~*~ (stealth).
  6559 | D:8      | Reached skill level 10 in Axes
  6565 | D:8      | Noticed Erica
  6565 | D:8      | 6565 ||| Stepping ~*~*~tactically~*~*~ (stealth).
  6569 | D:8      | 6569 ||| Stepping ~*~*~tactically~*~*~ (stealth).
  6578 | D:8      | 6578 ||| INVOKING Heroism.
  6592 | D:8      | Killed Erica
  6643 | D:8      | 6643 ||| Stepping ~*~*~tactically~*~*~ (stealth).
  6661 | D:8      | 6661 ||| Stepping ~*~*~tactically~*~*~ (stealth).
  6662 | D:8      | 6662 ||| Stepping ~*~*~tactically~*~*~ (stealth).
  6754 | D:8      | 6754 ||| DROPPING +0 flail.
  6759 | D:8      | You fall into a shaft and drop 1 floor!
  6806 | D:8      | 6806 ||| INVOKING Heroism.
  6924 | D:8      | Found a glowing golden altar of the Shining One.
  6993 | D:8      | 6993 ||| Stepping ~*~*~tactically~*~*~ (stealth).
  7003 | D:8      | Reached skill level 11 in Axes
  7004 | D:8      | Found a staircase to the Lair.
  7008 | D:8      | Noticed a tengu warrior
  7013 | D:8      | 7013 ||| INVOKING Heroism.
  7030 | D:8      | HP: 15/64 [tengu warrior/+0 long sword (5)]
  7031 | D:8      | 7031 ||| READING 3 scrolls of teleportation.
  7032 | D:8      | Killed a tengu warrior
  7032 | D:8      | Reached *** piety under Okawaru
  7482 | D:8      | 7482 ||| READING scroll of enchant armour.
  7482 | D:8      | 7482 ||| ENCHANTING +1 pair of boots.
  7534 | D:8      | 7534 ||| PLANNING LAIR
  7534 | D:8      | 7534 ||| UPGRADING to +1 kite shield of positive energy.
  7544 | D:8      | 7544 ||| DROPPING +0 buckler.
  7545 | D:8      | 7545 ||| DROPPING ring of wizardry.
  7572 | Lair:1   | Entered Level 1 of the Lair of Beasts
  7579 | Lair:1   | Noticed a torpor snail
  7579 | Lair:1   | 7579 ||| FLEEEEING.
  7580 | Lair:1   | 7580 ||| FLEEEEING.
  7581 | Lair:1   | 7581 ||| FLEEEEING.
  7582 | Lair:1   | 7582 ||| FLEEEEING.
  7583 | Lair:1   | 7583 ||| FLEEEEING.
  7585 | Lair:1   | 7585 ||| STAIRDANCE
  7596 | D:8      | Reached XP level 11. HP: 56/68 MP: 14/14
  7635 | Lair:1   | 7635 ||| STAIRDANCE
  7649 | D:8      | Reached skill level 6 in Shields
  7652 | Lair:1   | 7652 ||| STAIRDANCE
  7654 | D:8      | 7654 ||| INVOKING Heroism.
  7750 | Lair:1   | 7750 ||| INVOKING Heroism.
  7803 | Lair:1   | Reached **** piety under Okawaru
  7938 | Lair:1   | 7938 ||| INVOKING Heroism.
  7946 | Lair:1   | 7946 ||| Stepping ~*~*~tactically~*~*~ (stealth).
  8280 | Lair:1   | Reached skill level 9 in Shields
  8328 | Lair:2   | 8328 ||| INVOKING Heroism.
  8371 | Lair:2   | Reached skill level 6 in Invocations
  8464 | Lair:2   | Noticed an eight-headed hydra
  8465 | Lair:2   | 8465 ||| INVOKING Heroism.
  8469 | Lair:2   | 8469 ||| SWAPPING to +0 morningstar.
  8475 | Lair:2   | Killed an eight-headed hydra
  8476 | Lair:2   | 8476 ||| SWAPPING to +4 war axe.
  8590 | Lair:2   | Found a dark tunnel.
  8656 | Lair:2   | 8656 ||| READING scroll of enchant armour.
  8656 | Lair:2   | 8656 ||| ENCHANTING +0 plate armour.
  8691 | Lair:2   | 8691 ||| Stepping ~*~*~tactically~*~*~ (stealth).
  8702 | Lair:2   | 8702 ||| INVOKING Heroism.
  8726 | Lair:2   | Reached ***** piety under Okawaru
  8737 | Lair:2   | 8737 ||| INVOKING Heroism.
  8905 | Lair:2   | 8905 ||| Stepping ~*~*~tactically~*~*~ (stealth).
  8930 | Lair:2   | 8930 ||| INVOKING Heroism.
  8940 | Lair:2   | Received a gift from Okawaru
  8941 | Lair:2   | Reached XP level 12. HP: 50/75 MP: 15/17
  9322 | Lair:2   | 9322 ||| INVOKING Heroism.
  9339 | Lair:2   | Reached skill level 9 in Fighting
  9517 | Lair:2   | 9517 ||| INVOKING Heroism.
  9533 | Lair:2   | HP: 19/76 [torpor snail (5)]
  9534 | Lair:2   | 9534 ||| READING 2 scrolls of teleportation.
  9816 | Lair:2   | 9816 ||| DROPPING ring of flight.
  9817 | Lair:2   | 9817 ||| UPGRADING to ring of protection from cold.
  9907 | Lair:3   | 9907 ||| Stepping ~*~*~tactically~*~*~ (stealth).
  9965 | Lair:3   | 9965 ||| INVOKING Heroism.
 10138 | Lair:3   | 10138 ||| INVOKING Heroism.
 10140 | Lair:3   | Reached skill level 9 in Invocations
 10260 | Lair:3   | 10260 ||| INVOKING Heroism.
 10393 | Lair:3   | 10393 ||| Stepping ~*~*~tactically~*~*~ (stealth).
 10396 | Lair:3   | 10396 ||| Stepping ~*~*~tactically~*~*~ (stealth).
 10406 | Lair:3   | Reached skill level 12 in Axes
 10417 | Lair:3   | Received a gift from Okawaru
 10427 | Lair:3   | 10427 ||| INVOKING Heroism.
 10429 | Lair:3   | 10429 ||| Stepping ~*~*~tactically~*~*~ (stealth).
 10440 | Lair:3   | 10440 ||| Stepping ~*~*~tactically~*~*~ (stealth).
 10451 | Lair:3   | Found a frozen archway.
 10455 | Lair:3   | 10455 ||| Stepping ~*~*~tactically~*~*~ (stealth).
 10461 | Lair:3   | 10461 ||| Stepping ~*~*~tactically~*~*~ (stealth).
 10552 | Lair:3   | 10552 ||| Stepping ~*~*~tactically~*~*~ (stealth).
 10584 | Lair:3   | 10584 ||| INVOKING Heroism.
 10649 | Lair:3   | Noticed a five-headed hydra
 10650 | Lair:3   | 10650 ||| INVOKING Heroism.
 10651 | Lair:3   | 10651 ||| INVOKING Finesse.
 10656 | Lair:3   | 10656 ||| SWAPPING to +0 morningstar.
 10660 | Lair:3   | Killed a five-headed hydra
 10661 | Lair:3   | 10661 ||| SWAPPING to +4 war axe.
 10793 | Lair:3   | 10793 ||| INVOKING Heroism.
 10898 | Lair:3   | Found a staircase to the Snake Pit.
 10899 | Lair:3   | 10899 ||| FLEEEEING.
 10901 | Lair:3   | 10901 ||| INVOKING Heroism.
 11237 | Lair:3   | 11237 ||| UPGRADING to +1 pair of gloves of dexterity.
 11242 | Lair:3   | 11242 ||| READING scroll labelled YTHUELOGIVY.
 11242 | Lair:3   | Identified a scroll of acquirement
 11242 | Lair:3   | 11242 ||| ACQUIRING +8 broad axe of pain
 11242 | Lair:3   | Acquired a +8 broad axe of pain
 11244 | Lair:3   | 11244 ||| SWAPPING to +8 broad axe of pain.
 11245 | Lair:3   | 11245 ||| DROPPING +4 war axe.
 11246 | Lair:3   | 11246 ||| READING 2 scrolls labelled QECYFR IMPE.
 11247 | Lair:3   | 11247 ||| DROPPING scroll of fog.
 11277 | Lair:4   | 11277 ||| STAIRDANCE
 11279 | Lair:3   | 11279 ||| INVOKING Heroism.
 11283 | Lair:3   | Reached XP level 13. HP: 47/82 MP: 17/20
 11397 | Lair:4   | 11397 ||| INVOKING Heroism.
 11413 | Lair:4   | Reached skill level 9 in Armour
 11588 | Lair:4   | 11588 ||| Stepping ~*~*~tactically~*~*~ (stealth).
 11602 | Lair:4   | Found an ornate altar of the Wu Jian Council.
 11676 | Lair:4   | 11676 ||| INVOKING Heroism.
 11882 | Lair:4   | Found a viscous altar of Jiyva.
 11882 | Lair:4   | Found a staircase to the Slime Pits.
 12329 | Lair:4   | 12329 ||| UPGRADING to amulet of faith.
 12339 | Lair:4   | 12339 ||| READING 10 scrolls of identify.
 12339 | Lair:4   | 12339 ||| IDENTIFYING glowing brown potion
 12348 | Lair:5   | Entered Level 5 of the Lair of Beasts
 12402 | Lair:5   | 12402 ||| INVOKING Heroism.
 12420 | Lair:5   | HP: 14/82 [death yak (7)]
 12421 | Lair:5   | 12421 ||| READING 2 scrolls of teleportation.
 12422 | Lair:5   | 12422 ||| DRINKING potion of heal wounds.
 12426 | Lair:5   | Noticed Rupert
 12439 | Lair:5   | 12439 ||| DRINKING 2 potions of curing.
 12439 | Lair:5   | 12439 ||| (to cure confusion)
 12444 | Lair:5   | HP: 9/82 [Rupert/+2 great mace of holy wrath (16)]
 12445 | Lair:5   | 12445 ||| READING scroll of teleportation.
 12445 | Lair:5   | Paralysed by Rupert for 3 turns
 12445 | Lair:5   | Slain by a snapping turtle

Levels and vault maps discovered:
D:1:      evilmike_arrival_home_sweet_home, layout_basic
D:2:      layout_loops_ring
D:3:      layout_rooms
D:4:      kennysheep_slugbush, layout_basic, vehumet_altar_wand_db,
          nicolae_uskayaw_murder_on_the_dancefloor,
          mainiacjoe_overflow_surrounded_room, minmay_temple_entry_butterflies
D:5:      layout_basic, mainiacjoe_overflow_catwalk,
          nicolae_overflow_hidden_temple
D:6:      minmay_chambers_of_threes, layout_gridville,
          nemelex_spade_bored_becter
D:7:      layout_loops_ring, nicolae_dithmenos_the_darkroom, led_sif_book,
          roderic_roman_lattice
D:8:      layout_loops_cross, lemuel_crystal_altar, minmay_lair_entry_grove,
          minmay_microvault, uniq_grum, uniq_erica
D:9:      layout_loops_ring, serial_rivers, chequers_serial_rivers_small_3,
          chequers_serial_rivers_small_3, chequers_serial_rivers_large_a,
          chequers_serial_rivers_micro_a, roderic_cross_of_infinity
Temple:   chequers_temple_sunken
Lair:1:   layout_hall_layers, grunt_megastairs_5
Lair:2:   layout_concentric_octagons, nicolae_volcano_entry_lava_flow,
          serial_bayou_shore_b
Lair:3:   layout_regular_city, nicolae_shoals_entry_flooding,
          nicolae_snake_entry_warm_welcome, portal_ice_cave_entry_ice_simulacra
Lair:4:   layout_regular_city, slime_entry_1, basic_altar, lemuel_fruit_fields
Lair:5:   gammafunk_lair_ancient_temple, layout_concentric_octagons,
          chequers_serial_rivers_room_b, uniq_rupert

Skill      XL: |  1  2  3  4  5  6  7  8  9 10 11 12 13 |
---------------+----------------------------------------+-----
Axes           | 2 3 4 5 7 8 9 11 12 | 12.8
Fighting       | 4 6 7 8 9 10 | 10.2
Dodging        | 1 2 |  2.1
Invocations    | 2 4 7 10 | 10.0
Throwing       | 1 |  1.0
Shields        | 4 5 10 | 10.9
Armour         | 6 7 8 9 |  9.1

Action                     |  1- 3 |  4- 6 |  7- 9 | 10-12 | 13-15 || total
---------------------------+-------+-------+-------+-------+-------++-------
  Melee: War axe           |    89 |   137 |   238 |   498 |       ||   962
         Morningstar       |       |       |       |    10 |       ||    10
         Broad axe         |       |       |       |     6 |    93 ||    99
  Throw: Boomerang         |       |    31 |    43 |    83 |    21 ||   178
 Invoke: Heroism           |       |     1 |    14 |    23 |     3 ||    41
         Finesse           |       |       |       |     1 |       ||     1
    Use: Scroll            |     2 |    10 |     7 |     6 |     3 ||    28
         Potion            |     1 |     3 |     4 |       |     2 ||    10
 Armour: Scale mail        |    48 |    10 |       |       |       ||    58
         Chain mail        |       |    61 |    90 |       |       ||   151
         Plate armour      |       |       |    55 |   306 |    34 ||   395
  Dodge: Dodged            |    29 |    51 |   112 |   142 |    12 ||   346
  Block: Buckler           |    25 |    21 |    41 |    22 |       ||   109
         Kite shield       |       |       |       |   241 |    41 ||   282

Table legend:
 A = Non-vault XP
 B = Vault XP
 C = Vault XP percentage of total XP
 D = Non-vault monster count
 E = Vault monster count
 F = Vault count percentage of total count
                 A         B        C        D         E       F
            +---------+---------+-------+---------+---------+-------
      Total |   32698 |    7312 |  18.3 |     245 |      51 |  17.2
            +---------+---------+-------+---------+---------+-------
        D:1 |      41 |       0 |   0.0 |      20 |       0 |   0.0
        D:2 |      82 |       0 |   0.0 |      20 |       0 |   0.0
        D:3 |      25 |       0 |   0.0 |      13 |       0 |   0.0
        D:4 |     436 |      29 |   6.2 |      17 |       8 |  32.0
        D:5 |     693 |       0 |   0.0 |      22 |       0 |   0.0
        D:6 |    1102 |     785 |  41.6 |      16 |      12 |  42.9
        D:7 |    1137 |      68 |   5.6 |      19 |       2 |   9.5
        D:8 |    1618 |    4382 |  73.0 |      13 |      18 |  58.1
     Lair:1 |    3439 |     196 |   5.4 |      20 |       1 |   4.8
     Lair:2 |    7420 |       0 |   0.0 |      32 |       0 |   0.0
     Lair:3 |    9269 |    1385 |  13.0 |      37 |       8 |  17.8
     Lair:4 |    5085 |       0 |   0.0 |      11 |       0 |   0.0
     Lair:5 |    2351 |     467 |  16.6 |       5 |       2 |  28.6
            +---------+---------+-------+---------+---------+-------
